[Event "Titled Tuesday Blitz November 01 Early 2022"]
[White "Sernecki, Franciszek"]
[Black "Pinheiro, Iung Alicio de O."]
[WhiteFideId "1169297"]
[BlackFideId "2104350"]
[WhiteElo "2209"]
[BlackElo "2283"]
[Result "0-1"]
[Round "09"]
[TimeControl "180+1"]
[Date "2022.11.02"]
[WhiteClock "0:00:21"]
[BlackClock "0:00:15"]

1. c4 e5 2. Nc3 Bc5 3. g3 Nc6 4. Bg2 a6 5. e4 d6 6. Nge2 h5 7. h4 Nf6 8. d3 Ng4 9. Rf1 Be6 10. f3 Ne3 11. Bxe3 Bxe3 12. Nd5 Bh6 13. f4 f6 14. Nec3 Nd4 15. Qxh5+ Bf7 16. Qd1 c6 17. Ne3 exf4 18. gxf4 f5 19. Nxf5 Nxf5 20. exf5 Qxh4+ 21. Kd2 Bxf4+ 22. Kc2 O-O-O 23. Qe1 Bg3 24. Qe3 Rhe8 25. Qa7 Qh2 26. Rg1 Bf4 27. Rae1 Rxe1 28. Rxe1 Qxg2+ 29. Kb3 Qg5 30. Na4 Be5 31. Rxe5 dxe5 32. Nc5 Rxd3+ 33. Nxd3 Qd2 34. Nxe5 Qd1+ 35. Kb4 Qe1+ 36. Ka4 Qxe5 37. Qa8+ Qb8 38. Qxb8+ Kxb8 39. b4 Bxc4 40. b5 Bxb5+ 0-1


[Site "https://www.chess.com"]

[Event "Titled Tuesday Blitz November 01 Early 2022"]
[White "Shipov, Sergei"]
[Black "Gubajdullin, Alexei"]
[WhiteFideId "4113624"]
[BlackFideId "4141202"]
[WhiteElo "2766"]
[BlackElo "2200"]
[Result "1-0"]
[Round "09"]
[TimeControl "180+1"]
[Date "2022.11.02"]
[WhiteClock "0:00:45"]
[BlackClock "0:00:04"]

1. d4 Nf6 2. c4 g6 3. Nc3 Bg7 4. e4 d6 5. Be2 O-O 6. Nf3 Na6 7. O-O e5 8. Be3 c6 9. d5 Ng4 10. Bg5 f6 11. Bh4 c5 12. Ne1 Nh6 13. a3 Nf7 14. Nd3 h5 15. h3 Bh6 16. b4 b6 17. Rb1 Bg5 18. Bg3 h4 19. Bh2 Qe7 20. Qa4 Kg7 21. bxc5 Nxc5 22. Nxc5 dxc5 23. Qc2 Bd7 24. a4 Nd6 25. a5 Rab8 26. axb6 axb6 27. Ra1 Rb7 28. Ra6 Bf4 29. Rb1 Rfb8 30. Qa2 Bxh2+ 31. Kxh2 f5 32. Bf3 Qg5 33. Qe2 Qf4+ 34. g3 Qg5 35. exf5 Qxf5 36. Bg4 Qg5 37. Bxd7 Rxd7 38. Rbxb6 Rxb6 39. Rxb6 Kh7 40. Rxd6 Rxd6 41. Ne4 hxg3+ 42. fxg3 Qe7 43. Nxd6 Qxd6 44. h4 Qf6 45. Kg2 Qf5 46. Kh2 e4 47. Qe3 Qe5 48. Qxc5 e3 49. Qa7+ Kh6 50. Qa5 e2 51. Qe1 Qe3 52. d6 Qd3 53. d7 g5 54. hxg5+ Kxg5 55. d8=Q+ Qxd8 56. Qxe2 Qd4 57. Kh3 Kg6 58. Qg4+ Qxg4+ 59. Kxg4 1-0


[Site "https://www.chess.com"]

[Event "Titled Tuesday Blitz November 01 Early 2022"]
[White "Sokolovsky, Yahli"]
[Black "Durarbayli, Vasif"]
[WhiteFideId "2820242"]
[BlackFideId "13402935"]
[WhiteElo "2316"]
[BlackElo "2586"]
[Result "0-1"]
[Round "09"]
[TimeControl "180+1"]
[Date "2022.11.01"]
[WhiteClock "0:00:02"]
[BlackClock "0:00:19"]

1. b3 e5 2. Bb2 Nc6 3. e3 d5 4. Nf3 e4 5. Nd4 Nxd4 6. Bxd4 Bf5 7. Be2 Qg5 8. Kf1 h5 9. h4 Qg6 10. c4 c5 11. Bb2 d4 12. exd4 cxd4 13. Bxd4 Nf6 14. Nc3 Be7 15. Nd5 Nxd5 16. cxd5 a6 17. Rc1 Bd6 18. b4 Bg4 19. Qa4+ Bd7 20. Qd1 O-O 21. Bxh5 Qf5 22. Bc5 Qxd5 23. Be2 Rad8 24. Bc4 Qe5 25. Be3 Kh7 26. a3 Be8 27. g3 f5 28. h5 Bc6 29. Rh4 Qf6 30. Rh2 f4 31. gxf4 Bxf4 32. Rg2 Bxe3 33. Qg4 Bxd2 34. Rd1 Bh6 35. Rxd8 Rxd8 36. Qxe4+ Bxe4 0-1


[Site "https://www.chess.com"]

[Event "Titled Tuesday Blitz November 01 Early 2022"]
[White "Stoyanov, Tsvetan"]
[Black "Bagwe Gaurang"]
[WhiteFideId "2917173"]
[BlackFideId "45039895"]
[WhiteElo "2349"]
[BlackElo "1931"]
[Result "0-1"]
[Round "09"]
[TimeControl "180+1"]
[Date "2022.11.02"]
[WhiteClock "0:00:03"]
[BlackClock "0:00:09"]

1. e4 c5 2. Nf3 d6 3. d4 cxd4 4. Nxd4 Nf6 5. Nc3 g6 6. Be3 Bg7 7. f3 O-O 8. Qd2 Nc6 9. g4 Be6 10. O-O-O Nxd4 11. Bxd4 Qa5 12. a3 Rfc8 13. h4 Rab8 14. Kb1 b5 15. Nd5 Qxd2 16. Nxf6+ Bxf6 17. Rxd2 Bxd4 18. Rxd4 a5 19. Be2 b4 20. axb4 axb4 21. b3 Rc3 22. Bd3 Kg7 23. Kb2 Kf6 24. f4 Bxg4 25. e5+ Ke6 26. Bc4+ Kd7 27. exd6 exd6 28. Bxf7 Bf5 29. Rh2 Rbc8 30. Bc4 Rh3 31. Rxh3 Bxh3 32. Bb5+ Ke6 33. Rxb4 Bf5 34. Bc4+ d5 35. Rb6+ Kd7 36. Bb5+ Ke7 37. Rc6 Rb8 38. Rc5 Kd6 39. Rc6+ Ke7 40. c4 d4 41. Rc5 d3 42. Kc3 Ra8 43. Re5+ Kf6 44. c5 Rd8 45. Kd2 Rd4 46. c6 Rxf4 47. Rc5 Rf2+ 48. Ke3 Re2+ 49. Kd4 Rc2 50. Bxd3 Rxc5 51. Kxc5 Bxd3 52. c7 Bf5 53. b4 Ke7 54. Kc6 Be4+ 55. Kb6 Kd7 56. b5 h6 0-1


[Site "https://www.chess.com"]

[Event "Titled Tuesday Blitz November 01 Early 2022"]
[White "Szente Varga, Fruzsina"]
[Black "Budrewicz, Krzysztof"]
[WhiteFideId "712264"]
[BlackFideId "1127950"]
[WhiteElo "1994"]
[BlackElo "2171"]
[Result "0-1"]
[Round "09"]
[TimeControl "180+1"]
[Date "2022.11.02"]
[WhiteClock "0:00:13"]
[BlackClock "0:01:28"]

1. e4 Nc6 2. d4 d5 3. e5 Bf5 4. c3 e6 5. Bd3 Nge7 6. Ne2 Qd7 7. O-O f6 8. f4 Be4 9. Ng3 f5 10. Be3 O-O-O 11. b4 h6 12. a4 Rg8 13. a5 g5 14. Nh5 Bg7 15. Bxe4 dxe4 16. b5 Nxe5 17. fxe5 f4 18. Bc1 Bxe5 19. b6 a6 20. bxc7 Bxc7 21. Nd2 e3 22. Nc4 Qb5 23. Nb6+ Bxb6 24. axb6 e2 25. Qe1 exf1=Q+ 26. Qxf1 Qxf1+ 27. Kxf1 Nd5 28. Rb1 Nxc3 29. Rb3 Nb5 30. Bb2 Rgf8 31. Ng7 Rd6 32. Rb4 Rf7 33. Nh5 Rxb6 34. Ke2 Rc6 35. Kd3 Kd7 36. Ke4 b6 37. d5 exd5+ 38. Kxd5 Rd6+ 39. Ke4 Re7+ 40. Kf3 Rd3+ 41. Kg4 Rd2 42. Nf6+ Kc6 43. g3 fxg3 44. hxg3 a5 45. Rc4+ Kb7 46. Ba1 Rd6 47. Ng8 Rc7 48. Re4 Rdc6 49. Be5 Rc8 50. Nf6 Rc4 51. Kf5 Rxe4 52. Nxe4 a4 53. Kg6 a3 54. Kxh6 Re8 55. Nd6+ Nxd6 56. Bxd6 a2 0-1


[Site "https://www.chess.com"]

[Event "Titled Tuesday Blitz November 01 Early 2022"]
[White "Terry, Renato"]
[Black "Papasimakopoulos, Alexandros"]
[WhiteFideId "3803457"]
[BlackFideId "4244125"]
[WhiteElo "2577"]
[BlackElo "2357"]
[Result "1-0"]
[Round "09"]
[TimeControl "180+1"]
[Date "2022.11.01"]
[WhiteClock "0:00:33"]
[BlackClock "0:00:07"]

1. d4 e6 2. Nf3 b6 3. g3 Bb7 4. Bg2 Nf6 5. c4 Bb4+ 6. Nbd2 O-O 7. O-O Bxd2 8. Qxd2 Be4 9. b3 d6 10. Bb2 Nbd7 11. Bh3 a5 12. Nh4 d5 13. f3 Bg6 14. Nxg6 hxg6 15. Rad1 a4 16. Rfe1 axb3 17. axb3 c5 18. e4 dxe4 19. fxe4 cxd4 20. e5 Nh7 21. Bxd4 Nc5 22. Qe3 Qc7 23. b4 Nd7 24. Rc1 Ra2 25. Bg2 Rc8 26. Re2 Rxe2 27. Qxe2 Qa7 28. Ra1 Qc7 29. Rc1 Qa7 30. Qb2 Qc7 31. c5 bxc5 32. bxc5 Rb8 33. Qc3 Nhf8 34. c6 Nb6 35. Qa5 Nd5 36. Qxc7 Nxc7 37. Bc5 Nd5 38. Bd6 Rc8 39. Kf2 f6 40. Be4 Kf7 41. h4 g5 42. hxg5 f5 43. Bxd5 exd5 44. Bxf8 Kxf8 45. g6 Rc7 46. Ke3 Ke7 47. Kd4 Kd8 48. Kxd5 Ra7 49. Ke6 Ra3 50. Kxf5 Rxg3 51. Rd1+ Kc7 52. Rd7+ Kxc6 53. Rxg7 Rf3+ 54. Ke6 Rg3 55. Rg8 Kb7 56. g7 Rg1 57. Re8 Rg6+ 58. Kf7 1-0


[Site "https://www.chess.com"]

[Event "Titled Tuesday Blitz November 01 Early 2022"]
[White "Timofeev, Artyom"]
[Black "Orlov, Georgi"]
[WhiteFideId "4140419"]
[BlackFideId "2011271"]
[WhiteElo "2579"]
[BlackElo "2574"]
[Result "1/2-1/2"]
[Round "09"]
[TimeControl "180+1"]
[Date "2022.11.02"]
[WhiteClock "0:00:05"]
[BlackClock "0:00:02"]

1. d4 Nf6 2. Bf4 g6 3. Nc3 Bg7 4. e4 d6 5. Qd2 c6 6. Bh6 Bxh6 7. Qxh6 Qa5 8. Bd3 Be6 9. Nf3 Nbd7 10. O-O O-O-O 11. Rfe1 Ng4 12. Qd2 Qh5 13. h3 Ngf6 14. Be2 Qa5 15. a3 h6 16. b4 Qc7 17. d5 cxd5 18. exd5 Bf5 19. Nb5 Qb6 20. a4 Ne4 21. Qd4 a6 22. a5 Qxd4 23. Nbxd4 Ndf6 24. c4 e5 25. dxe6 Bxe6 26. Bd3 d5 27. cxd5 Bxd5 28. Ne5 Rhe8 29. Ndf3 Nd6 30. Rad1 Kb8 31. Kh2 Nb5 32. Bxb5 axb5 33. Nd4 Bc4 34. Ndf3 Rxd1 35. Rxd1 Re7 36. Rd4 Bd5 37. Rf4 Bxf3 38. Nxf3 Nd5 39. Rd4 Nc7 40. h4 Na6 41. h5 Kc7 42. Kg3 g5 43. Kg4 Nb8 44. Kf5 Nc6 45. Rg4 Re6 46. Nxg5 Ne7+ 47. Kf4 Rf6+ 48. Kg3 hxg5 49. Rxg5 Nf5+ 50. Kg4 Nh6+ 51. Kg3 Nf5+ 52. Kh3 Kd6 53. f4 Nd4 54. g3 Rf5 55. Kh4 Ke6 56. Rg8 Rf6 57. Kg4 Rh6 58. Rb8 Rh7 59. Re8+ Kd7 60. Kg5 f5 61. Kg6 Kxe8 62. Kxh7 Kf7 63. Kh6 Ne6 64. Kh7 Kf8 65. Kh6 Kf7 66. Kh7 Nd4 67. Kh6 Ne6 1/2-1/2


[Site "https://www.chess.com"]

[Event "Titled Tuesday Blitz November 01 Early 2022"]
[White "Tleptsok, Ruslan"]
[Black "Gabrielian, Artur"]
[WhiteFideId "24104485"]
[BlackFideId "4131002"]
[WhiteElo "2130"]
[BlackElo "2432"]
[Result "1/2-1/2"]
[Round "09"]
[TimeControl "180+1"]
[Date "2022.11.02"]
[WhiteClock "0:00:11"]
[BlackClock "0:00:08"]

1. e4 c5 2. Nf3 d6 3. c3 Nf6 4. Bc4 e6 5. Qe2 Be7 6. d4 cxd4 7. cxd4 O-O 8. e5 Nd5 9. O-O Nc6 10. Nc3 Nxc3 11. bxc3 dxe5 12. Nxe5 Nxe5 13. Qxe5 Bf6 14. Qe4 Bd7 15. Bd3 g6 16. Bh6 Re8 17. Rfe1 Rc8 18. Rac1 Bc6 19. Qf4 Bg7 20. Bxg7 Kxg7 21. h4 Qf6 22. Qg3 Red8 23. Re5 Rd5 24. Rce1 Rcd8 25. h5 Rxe5 26. Rxe5 Rd5 27. f4 Qd8 28. f5 exf5 29. Bxf5 Qf6 30. hxg6 hxg6 31. Be4 Rd6 32. Bxc6 Rxc6 33. Qd3 Qf4 34. Re1 Ra6 35. Re2 Rf6 36. d5 Qf1+ 37. Kh2 Rf4 38. Qd2 Rh4+ 39. Kg3 Qh1 40. d6 Qh2+ 41. Kf3 Rh5 42. Qd4+ Kh7 43. Ke3 Qg1+ 44. Kd2 Qxd4+ 45. cxd4 Rd5 46. Re7 Rxd4+ 47. Kc3 Rxd6 48. Rxf7+ Kh6 49. Rxb7 Ra6 50. Kb2 Kh5 51. Kb3 g5 52. a4 Kh4 53. Rg7 g4 54. Kb4 Kg3 55. Kb5 Rb6+ 56. Ka5 Rb2 57. Rxa7 Kxg2 58. Rg7 g3 59. Ka6 Kf3 60. a5 Rb4 61. Ka7 Rg4 62. Rf7+ Ke2 63. Re7+ Kd2 64. Rd7+ Kc2 65. Rc7+ Kb2 66. Rb7+ Ka2 67. Re7 g2 68. Re1 g1=Q+ 69. Rxg1 Rxg1 70. a6 Kb3 71. Kb7 Rg7+ 72. Kb8 Rg8+ 73. Kb7 Kb4 74. a7 Kb5 75. a8=Q Rxa8 76. Kxa8 1/2-1/2


[Site "https://www.chess.com"]

[Event "Titled Tuesday Blitz November 01 Early 2022"]
[White "Troltenier, Dirk"]
[Black "Gheorghiu, Calin"]
[WhiteFideId "4606400"]
[BlackFideId "1200305"]
[WhiteElo "2333"]
[BlackElo "2225"]
[Result "0-1"]
[Round "09"]
[TimeControl "180+1"]
[Date "2022.11.02"]
[WhiteClock "0:00:02"]
[BlackClock "0:00:01"]

1. e4 e6 2. d4 d5 3. e5 c5 4. c3 Nc6 5. Nf3 Bd7 6. a3 c4 7. Nbd2 Na5 8. b3 Nxb3 9. Nxb3 Ba4 10. Nfd2 cxb3 11. c4 Ne7 12. Rb1 Nc6 13. Bb2 Be7 14. Be2 O-O 15. O-O dxc4 16. Nxc4 Na5 17. Ne3 Bc6 18. Bd3 b5 19. h4 Nc4 20. Nxc4 bxc4 21. Bxc4 Bxh4 22. Qxb3 Qg5 23. Qh3 Rab8 24. Bc1 Qh5 25. Rxb8 Rxb8 26. Bxe6 Rb1 27. Bg4 Qg6 28. Qxh4 h6 0-1


[Site "https://www.chess.com"]

[Event "Titled Tuesday Blitz November 01 Early 2022"]
[White "Turutin, Alexander"]
[Black "Najdin, Danil"]
[WhiteFideId "4180623"]
[BlackFideId "4172426"]
[WhiteElo "2402"]
[BlackElo "2240"]
[Result "1-0"]
[Round "09"]
[TimeControl "180+1"]
[Date "2022.11.02"]
[WhiteClock "0:00:09"]
[BlackClock "0:00:05"]

1. e4 g6 2. d4 c6 3. Nf3 Bg7 4. Bd3 d5 5. exd5 cxd5 6. Ne5 Nc6 7. Nxc6 bxc6 8. c3 Nf6 9. O-O O-O 10. Re1 Re8 11. Bf4 Qb6 12. Qc2 Ba6 13. Bxa6 Qxa6 14. Nd2 Nd7 15. Nf3 c5 16. Ne5 Nxe5 17. dxe5 e6 18. Qd2 Qb6 19. Re2 d4 20. h4 Red8 21. Bg5 Rd5 22. Bf6 Rb8 23. c4 Rd7 24. Bxg7 Kxg7 25. Qd3 Qd8 26. g3 Rdb7 27. b3 a5 28. Rb1 a4 29. Reb2 Rb4 30. Qd2 Qa5 31. h5 h6 32. Qf4 Qd8 33. hxg6 fxg6 34. Kg2 R8b7 35. Rh1 h5 36. g4 Rf7 37. Qg3 hxg4 38. Qh2 Rf5 39. Qh7+ Kf8 40. Qh8+ Ke7 41. Rh7+ 1-0


[Site "https://www.chess.com"]

[Event "Titled Tuesday Blitz November 01 Early 2022"]
[White "Vachylia, Andrii"]
[Black "Le, Tuan Minh"]
[WhiteFideId "14137224"]
[BlackFideId "12401153"]
[WhiteElo "2318"]
[BlackElo "2530"]
[Result "0-1"]
[Round "09"]
[TimeControl "180+1"]
[Date "2022.11.01"]
[WhiteClock "0:00:01"]
[BlackClock "0:01:46"]

1. Nf3 d5 2. b3 Nf6 3. Bb2 c6 4. c4 Bf5 5. e3 e6 6. d3 h6 7. Nbd2 Be7 8. Be2 O-O 9. O-O Nbd7 10. a3 a5 11. Re1 Bh7 12. Bf1 Nc5 13. Ne5 Nfd7 14. Nxd7 Qxd7 15. Nf3 dxc4 16. Ne5 Qc7 17. bxc4 Bf6 18. f4 Rfd8 19. d4 a4 20. Qh5 Nb3 21. Rad1 Bc2 22. Ng4 Qe7 23. Bd3 Bxd1 24. Rxd1 c5 25. Nxh6+ gxh6 26. Qxh6 Bg7 27. Qh7+ Kf8 28. Bc3 cxd4 0-1


[Site "https://www.chess.com"]

[Event "Titled Tuesday Blitz November 01 Early 2022"]
[White "Vakhania, Alexandra"]
[Black "D`Arruda, Ricardo D."]
[WhiteFideId "13602560"]
[BlackFideId "100692"]
[WhiteElo "2053"]
[BlackElo "2484"]
[Result "0-1"]
[Round "09"]
[TimeControl "180+1"]
[Date "2022.11.02"]
[WhiteClock "0:01:48"]
[BlackClock "0:01:12"]

1. e4 c5 2. Nc3 Nc6 3. f4 e6 4. Nf3 Nf6 5. Bb5 Nd4 6. O-O Nxb5 7. Nxb5 Nxe4 8. d3 Nf6 9. f5 Be7 10. Bg5 a6 11. Nc3 O-O 12. fxe6 dxe6 13. Qe1 b5 14. Qh4 Bb7 15. Rae1 h6 16. Bxh6 gxh6 17. Qxh6 Nh7 18. Re5 Bxf3 19. Rxf3 Qd4+ 20. Ree3 Bg5 21. Rg3 Qxe3+ 22. Rxe3 Bxh6 23. Rg3+ Kh8 24. Ne4 Rac8 0-1


[Site "https://www.chess.com"]

[Event "Titled Tuesday Blitz November 01 Early 2022"]
[White "Vargas, Mauricio"]
[Black "Tworuszka, Michal"]
[WhiteFideId "4404572"]
[BlackFideId "1117858"]
[WhiteElo "2025"]
[BlackElo "2373"]
[Result "1-0"]
[Round "09"]
[TimeControl "180+1"]
[Date "2022.11.02"]
[WhiteClock "0:01:13"]
[BlackClock "0:00:01"]

1. e4 c5 2. Nc3 Nc6 3. f4 d6 4. Nf3 g6 5. Bb5 Bg7 6. Bxc6+ bxc6 7. O-O e6 8. d3 Ne7 9. Qe1 O-O 10. Rb1 d5 11. e5 Ba6 12. b3 Rb8 13. Na4 c4 14. Nc5 Bc8 15. d4 cxb3 16. axb3 Qb6 17. Bd2 Nf5 18. Ba5 Qb5 19. b4 Ba6 20. Rf2 h5 21. Rd2 Rfc8 22. h3 Bf8 23. g4 Bxc5 24. dxc5 hxg4 25. hxg4 Ne7 26. Qh4 Kg7 27. Qf6+ Kf8 28. Ng5 1-0


[Site "https://www.chess.com"]

[Event "Titled Tuesday Blitz November 01 Early 2022"]
[White "Vlassov, Nikolai"]
[Black "Silva Lucena, Cristian"]
[WhiteFideId "4103360"]
[BlackFideId "2232588"]
[WhiteElo "2324"]
[BlackElo "2223"]
[Result "1-0"]
[Round "09"]
[TimeControl "180+1"]
[Date "2022.11.02"]
[WhiteClock "0:00:41"]
[BlackClock "0:00:06"]

1. e4 c5 2. c3 Nf6 3. e5 Nd5 4. d4 cxd4 5. cxd4 d6 6. Bc4 Nb6 7. Bb3 dxe5 8. Qh5 e6 9. dxe5 Nc6 10. Nc3 Nd4 11. Nf3 Nxb3 12. axb3 Qd3 13. Bg5 Bb4 14. Rd1 Bxc3+ 15. bxc3 Qxc3+ 16. Kf1 Bd7 17. Nd4 Nd5 18. h4 Qc7 19. Bc1 Rc8 20. Ba3 g6 21. Qh6 Qxe5 22. Rh3 Qf4 23. Qg7 Qf6 24. Qh6 Qf4 25. Qg7 Qf6 26. Qxf6 Nxf6 27. Re3 Nd5 28. Re5 f6 29. Rxd5 exd5 30. Re1+ Kd8 31. Be7+ Kc7 32. Bxf6 Rhe8 33. Be5+ Kb6 34. f4 Bb5+ 35. Kf2 a6 36. h5 gxh5 37. Rh1 Bd3 38. Rxh5 Bg6 39. Rh6 Rf8 40. g4 Ka7 41. f5 Rc3 42. Kg2 Ka8 43. fxg6 hxg6 44. Rxg6 Re8 45. Rg5 Re3 46. Bf6 Rd3 47. Rxd5 Re2+ 48. Nxe2 Rxd5 49. g5 Rd6 50. Nf4 b5 51. Be5 Rd2+ 52. Kf3 a5 53. g6 Rd7 54. g7 Rxg7 55. Bxg7 Kb7 56. Ke4 Kc6 57. Kd4 a4 58. b4 a3 59. Ke5 a2 60. Ke6 Kb6 61. Kd6 Ka6 62. Kc6 Ka7 63. Kxb5 1-0


[Site "https://www.chess.com"]

[Event "Titled Tuesday Blitz November 01 Early 2022"]
[White "Vovk, Orest"]
[Black "Ristic, Nebojsa B"]
[WhiteFideId "14113490"]
[BlackFideId "935468"]
[WhiteElo "2215"]
[BlackElo "2320"]
[Result "1-0"]
[Round "09"]
[TimeControl "180+1"]
[Date "2022.11.02"]
[WhiteClock "0:00:11"]
[BlackClock "0:00:01"]

1. h4 d5 2. h5 e5 3. h6 Nxh6 4. d4 e4 5. Bxh6 gxh6 6. e3 Nc6 7. Ne2 Bg4 8. a3 a5 9. c4 dxc4 10. Qc2 Be6 11. Qxe4 Bg7 12. Nbc3 Ne7 13. Rh5 c6 14. Nf4 Qd7 15. Nxe6 Qxe6 16. Qxe6 fxe6 17. Bxc4 Nd5 18. Bxd5 exd5 19. Ne2 O-O 20. g3 Rae8 21. Rd1 Re4 22. Nf4 Rfe8 23. Kf1 a4 24. b3 axb3 25. Rb1 Ra8 26. Rxb3 Re7 27. Kg2 Ra6 28. Rh1 Bf8 29. Rhb1 b5 30. Rc1 Rf7 31. Ne6 Bxa3 32. Ra1 Rfa7 33. Rh1 Kf7 34. Rxh6 b4 35. Nc5 Ra5 36. Rxc6 Re7 37. Rd6 Ra8 38. Rxd5 Rg8 39. Rf5+ Kg6 40. g4 Reg7 41. f4 h6 42. Kf3 Kh7 43. g5 hxg5 44. Ne6 g4+ 45. Kg3 Re7 46. Rh5+ Kg6 47. Rg5+ Kf7 48. Rxg8 Kxg8 49. f5 Bc1 50. Kxg4 Bd2 51. e4 Bc3 52. d5 Rh7 53. Rb1 Kf7 54. Ng5+ Kg7 55. Nxh7 Kxh7 56. d6 Kg7 57. d7 Bf6 58. Rxb4 Bd8 59. Rb8 Be7 60. d8=B Bd6 61. Ra8 Be5 62. Bg5 Kf7 63. Bf4 Bd4 64. e5 Ke7 65. Rb8 Kf7 66. Rb7+ Kg8 67. f6 Kh8 68. Kf5 Bc5 69. e6 Ba3 70. e7 1-0


[Site "https://www.chess.com"]

[Event "Titled Tuesday Blitz November 01 Early 2022"]
[White "Warchol, Kamil"]
[Black "Tharushi, T H D Niklesha"]
[WhiteFideId "21858241"]
[BlackFideId "9918264"]
[WhiteElo "2001"]
[BlackElo "1596"]
[Result "1-0"]
[Round "09"]
[TimeControl "180+1"]
[Date "2022.11.02"]
[WhiteClock "0:00:08"]
[BlackClock "0:00:17"]

1. e4 c6 2. c4 d5 3. cxd5 cxd5 4. exd5 Nf6 5. Nc3 Nbd7 6. Bc4 Nb6 7. Bb3 Bg4 8. Nge2 Nfxd5 9. Nxd5 Nxd5 10. h3 Be6 11. Nd4 Nf4 12. Nxe6 fxe6 13. O-O Qd3 14. Bc2 Qd5 15. Qg4 g5 16. Bb3 Qe4 17. d3 Ne2+ 18. Kh1 Qxg4 19. hxg4 h5 20. g3 hxg4+ 21. Kg2 Nd4 22. Bd1 Bh6 23. Bxg4 Kf7 24. Bd2 Rac8 25. Bc3 Bg7 26. Rfe1 Rc6 27. Re4 Nc2 28. Rc1 Bxc3 29. Rxc2 Bf6 30. Rxc6 bxc6 31. Bxe6+ Kg6 32. b3 Rd8 33. Bc4 Rd6 34. Re6 c5 35. Kf3 a5 36. Rxd6 exd6 37. Ke4 Be5 38. f4 gxf4 39. gxf4 Bf6 40. Kd5 Be7 41. Ke6 Bf8 42. f5+ Kg5 43. f6 Kg6 44. Bd5 Bh6 45. Be4+ Kg5 46. Ke7 Kf4 47. f7 Ke5 48. f8=Q Bxf8+ 49. Kxf8 Kd4 50. Ke7 d5 51. Bg6 c4 52. dxc4 dxc4 53. bxc4 Kxc4 54. Bf7+ Kb4 55. Kd6 Ka3 56. Kc6 a4 57. Kb5 Kb2 58. Kxa4 Kc3 59. Kb5 Kd4 60. a4 Ke5 61. a5 Kd6 62. Kb6 Kd7 63. Bd5 Kc8 64. a6 Kb8 65. a7+ Kc8 66. Kc6 Kd8 67. a8=Q+ Ke7 68. Qc8 Kf6 69. Qe6+ Kg5 70. Qf7 Kh6 71. Qg8 Kh5 72. Be6 Kh6 73. Bf5 Kh5 74. Qg6+ Kh4 75. Qg4# 1-0


[Site "https://www.chess.com"]

[Event "Titled Tuesday Blitz November 01 Early 2022"]
[White "Yuan, Qingyu"]
[Black "Amgalantengis, Enkh-Amgalan"]
[WhiteFideId "8609772"]
[BlackFideId "4903536"]
[WhiteElo "2359"]
[BlackElo "1772"]
[Result "1-0"]
[Round "09"]
[TimeControl "180+1"]
[Date "2022.11.01"]
[WhiteClock "0:00:16"]
[BlackClock "0:00:12"]

1. e4 c6 2. Nf3 d5 3. Nc3 dxe4 4. Nxe4 Nf6 5. Qe2 Nxe4 6. Qxe4 Nd7 7. d4 Nf6 8. Qf4 Qa5+ 9. c3 Qf5 10. Qg3 Qg4 11. Ne5 Qxg3 12. hxg3 Bf5 13. a4 e6 14. a5 a6 15. Be2 Bd6 16. g4 Be4 17. f3 Bc2 18. Nc4 Bc7 19. Bd2 O-O-O 20. Kf2 Bg6 21. Bg5 h6 22. Bh4 Rd5 23. Bg3 Re8 24. Nb6+ Bxb6 25. axb6 Nd7 26. Bc7 e5 27. Bc4 Nf6 28. Rhe1 e4 29. Bxd5 cxd5 30. Ra5 Kd7 31. Be5 Kc6 32. Rc5+ Kxb6 33. Bxf6 gxf6 34. Rxd5 Kc6 35. Rc5+ Kd6 36. Ra5 Kc7 37. f4 Rg8 38. f5 Bh7 39. Rxe4 Kd6 40. c4 Rg5 41. Rd5+ Kc6 42. Rc5+ Kd6 43. Kf3 h5 44. Rd5+ Kc6 45. Rc5+ Kd6 46. b4 hxg4+ 47. Rxg4 Rh5 48. Rf4 Rh1 49. Kf2 Rb1 50. Rd5+ Kc6 51. Rc5+ Kd6 52. Rd5+ Kc6 53. Rh4 Bg8 54. Rh8 Rxb4 55. Rc5+ Kd6 56. Rxg8 b6 57. Rd5+ Ke7 58. Rc8 a5 59. Rc7+ Kf8 60. Rdd7 a4 61. Rxf7+ Ke8 62. Rh7 1-0


[Site "https://www.chess.com"]

[Event "Titled Tuesday Blitz November 01 Early 2022"]
[White "Yurasova, Daria"]
[Black "Terzi, Alexei"]
[WhiteFideId "34146919"]
[BlackFideId "13505076"]
[WhiteElo "2044"]
[BlackElo "2172"]
[Result "1/2-1/2"]
[Round "09"]
[TimeControl "180+1"]
[Date "2022.11.02"]
[WhiteClock "0:00:10"]
[BlackClock "0:00:13"]

1. d4 Nf6 2. Bg5 d5 3. Bxf6 exf6 4. e3 Bd6 5. g3 c6 6. Bg2 Nd7 7. Ne2 f5 8. O-O Nf6 9. c4 dxc4 10. Nd2 h5 11. Nxc4 Bc7 12. Nc3 h4 13. d5 cxd5 14. Nxd5 Nxd5 15. Qxd5 Qxd5 16. Bxd5 hxg3 17. hxg3 Be6 18. Bxb7 Rb8 19. Bc6+ Ke7 20. b3 g5 21. Kg2 f4 22. Rh1 Bg4 23. Bf3 Be6 24. Rxh8 Rxh8 25. exf4 gxf4 26. g4 Rg8 27. Re1 Kf6 28. Rh1 Bxg4 29. Bxg4 Rxg4+ 30. Kf3 Rg6 31. Rd1 Ke7 32. Re1+ Re6 33. Rd1 Ra6 34. a4 Re6 35. Rd5 a6 36. Rc5 Kd7 37. Rf5 f6 38. Rh5 Kc6 39. b4 Re1 40. Rc5+ Kd7 41. Nd2 Ra1 42. a5 Bd6 43. Rc4 Ra4 44. Ne4 Rxb4 45. Nxd6 Rb3+ 46. Kxf4 Kxd6 47. f3 Ra3 48. Rb4 Rxa5 49. Rb6+ Ke7 50. Rb7+ Ke6 51. Rb6+ Kf7 52. Rb7+ Kg6 53. Ra7 Ra4+ 54. Kg3 Kf5 55. Ra8 Ra3 56. Ra7 Ke5 57. Ra8 Ra4 58. Re8+ Kd6 59. Ra8 Ke6 60. Ra7 Kf5 61. Ra8 Kg6 62. Ra7 Ra5 63. Ra8 Kg5 64. Rg8+ Kf5 65. Ra8 Ke6 66. Ra7 Kd6 67. Rf7 Ke6 68. Ra7 Ra1 69. Kf4 Ra4+ 70. Kg3 Kf5 1/2-1/2


[Site "https://www.chess.com"]

[Event "Titled Tuesday Blitz November 01 Early 2022"]
[White "Yurovskykh, Oleksandr"]
[Black "Lauridsen, Jesper Morch"]
[WhiteFideId "14134020"]
[BlackFideId "1401890"]
[WhiteElo "2303"]
[BlackElo "2281"]
[Result "1-0"]
[Round "09"]
[TimeControl "180+1"]
[Date "2022.11.02"]
[WhiteClock "0:00:27"]
[BlackClock "0:00:10"]

1. d4 d5 2. Bf4 e6 3. e3 Bd6 4. Bg3 Nf6 5. Nd2 O-O 6. Bd3 b6 7. Qe2 c5 8. c3 Bb7 9. e4 dxe4 10. Nxe4 Nxe4 11. Bxe4 Bxe4 12. Qxe4 Na6 13. O-O-O cxd4 14. Rxd4 Qg5+ 15. Kc2 Nc5 16. Qg4 Qxg4 17. Rxg4 Bxg3 18. hxg3 Rfd8 19. Nf3 Nd3 20. Rf1 Rd7 21. Rd4 Rxd4 22. Nxd4 Nc5 23. f3 Rc8 24. Rd1 a6 25. g4 h6 26. Ne2 Kf8 27. Nf4 Ke7 28. Nh5 g6 29. Nf4 Rd8 30. Rh1 Rh8 31. Ne2 Nd7 32. Nd4 h5 33. gxh5 Rxh5 34. Rxh5 gxh5 35. Kd3 Ne5+ 36. Ke4 Kf6 37. b3 Ng6 38. f4 Nh4 39. g3 Nf5 40. Nxf5 exf5+ 41. Kd5 Kg6 42. Ke5 f6+ 43. Ke6 b5 44. c4 h4 45. gxh4 bxc4 46. bxc4 Kh5 47. Kxf5 Kxh4 48. Kxf6 Kg4 49. Ke5 1-0


[Site "https://www.chess.com"]

[Event "Titled Tuesday Blitz November 01 Early 2022"]
[White "Zacurdajev, Dmitry"]
[Black "De Souza, Cristiano Gomes"]
[WhiteFideId "4196309"]
[BlackFideId "2151758"]
[WhiteElo "2179"]
[BlackElo "2068"]
[Result "0-1"]
[Round "09"]
[TimeControl "180+1"]
[Date "2022.11.02"]
[WhiteClock "0:00:01"]
[BlackClock "0:00:55"]

1. d4 Nf6 2. c4 g6 3. Nc3 Bg7 4. e4 d6 5. Be2 O-O 6. Nf3 e6 7. O-O Nbd7 8. Be3 b6 9. Nd2 Bb7 10. f4 a6 11. e5 Ne8 12. Bf3 Bxf3 13. Qxf3 c5 14. dxc5 dxe5 15. c6 Nc5 16. Rad1 Qc7 17. Bxc5 bxc5 18. Nde4 Rc8 19. Nxc5 Qxc6 20. Nd7 Qxc4 21. Nxf8 Bxf8 22. fxe5 Rc7 23. Kh1 Ng7 24. Ne4 h5 25. Nf6+ Kh8 26. Qe3 Nf5 27. Qd2 Kg7 28. Rc1 Qh4 29. Rxf5 Rxc1+ 30. Qxc1 exf5 31. Qc3 Bb4 32. Qe3 f4 33. Qe4 Qf2 34. h3 Be1 35. Qf3 Qd2 36. Ne4 Qc1 37. Kh2 h4 38. Nf2 Qxb2 39. Nd3 Bg3+ 40. Kg1 Qb1+ 41. Qf1 Bh2+ 42. Kf2 Qc2+ 43. Kf3 Qxa2 44. Nxf4 Qb3+ 45. Nd3 Bxe5 46. Qe2 Bf6 47. Kf2 Qc4 48. Kf1 Qd4 49. Qd1 a5 50. Ke1 a4 51. Qc2 a3 52. Nc1 Qb2 53. Kd1 Qd4+ 54. Qd2 Qg1+ 55. Kc2 Bb2 56. Na2 Qc5+ 57. Kb3 Qf5 58. Qd5 Qxd5+ 0-1


[Site "https://www.chess.com"]